| TOP OF THE 1ST |
|
Kansas City Royals batting - Pitching for Minnesota Twins : RHP Bud Puffer
|
|
Pitching: RHP Bud Puffer
|
|
|
Batting: SHB Jose Pacheco
|
0-0: Called Strike 0-1: Ground out 4-3 (Groundball, 4, EV 97.5 MPH)
|
|
Batting: RHB Matt Belgard
|
0-0: Ground out 4-3 (Groundball, 4D, EV 83.8 MPH)
|
|
Batting: LHB Mike Meyerhoff
|
0-0: Ground out 4-3 (Groundball, 4M, EV 105.6 MPH)
|
| Top of the 1st over - 0 runs, 0 hits, 0 errors, 0 left on base; Kansas City 0 - Minnesota 0 |
| BOTTOM OF THE 1ST |
|
Minnesota Twins batting - Pitching for Kansas City Royals : LHP John Hall
|
|
Pitching: LHP John Hall
|
|
|
Batting: LHB Peer Derks
|
0-0: Called Strike 0-1: Ball 1-1: Ball 2-1: Ground out 4-3 (Groundball, 4, EV 100.0 MPH)
|
|
Batting: RHB Will Leslie
|
0-0: Called Strike 0-1: Ball 1-1: Swinging Strike 1-2: SINGLE (Groundball, 56D, EV 104.4 MPH)
|
|
Batting: RHB Greg Harman
|
0-0: Called Strike 0-1: Ball 1-1: Foul Ball, location: 2F 1-2: Ball 2-2: Ball 3-2: Ground out 1-3 (Groundball, 34S, EV 69.4 MPH) Will Leslie to second
|
|
Batting: RHB Miguel Gonzalez
|
0-0: Foul Ball, location: 2F 0-1: Ground out 6-3 (Groundball, P, EV 90.0 MPH)
|
| Bottom of the 1st over - 0 runs, 1 hit, 0 errors, 1 left on base; Kansas City 0 - Minnesota 0 |
| TOP OF THE 2ND |
|
Kansas City Royals batting - Pitching for Minnesota Twins : RHP Bud Puffer
|
|
Batting: RHB Mike Jaquez
|
0-0: Foul Ball, location: 2F 0-1: Ball 1-1: Fly out, F9 (Flyball, 89M, EV 89.4 MPH)
|
|
Batting: LHB Roman Downey
|
0-0: Called Strike 0-1: Ball 1-1: SINGLE (Groundball, 25, EV 63.8 MPH) (infield hit)
|
|
Batting: SHB Gil Switzer
|
0-0: Foul Ball, location: 2F 0-1: Ball 1-1: Grounds into double play, 4-6-3 (Groundball, 4D, EV 97.5 MPH)
|
| Top of the 2nd over - 0 runs, 1 hit, 0 errors, 0 left on base; Kansas City 0 - Minnesota 0 |
| BOTTOM OF THE 2ND |
|
Minnesota Twins batting - Pitching for Kansas City Royals : LHP John Hall
|
|
Batting: LHB Ryan Flynn Jr.
|
0-0: Called Strike 0-1: Ball 1-1: Called Strike 1-2: Ball 2-2: SINGLE (Line Drive, 89S, EV 93.8 MPH)
|
|
Batting: LHB Harris Vink
|
0-0: Ball Ryan Flynn Jr. steals 2nd base 1-0: Ball 2-0: Ground out 3-1 (Groundball, 34S, EV 72.5 MPH) Ryan Flynn Jr. to third
|
|
Batting: RHB Alex Sandoval
|
0-0: Called Strike 0-1: Called Strike 0-2: Ground out 5-3 (Groundball, 56, EV 102.5 MPH) Ryan Flynn Jr. scores
|
|
Batting: LHB Ricardo Batista
|
0-0: Called Strike 0-1: Ground out U3 (Groundball, 34S, EV 84.4 MPH)
|
| Bottom of the 2nd over - 1 run, 1 hit, 0 errors, 0 left on base; Kansas City 0 - Minnesota 1 |
| TOP OF THE 3RD |
|
Kansas City Royals batting - Pitching for Minnesota Twins : RHP Bud Puffer
|
|
Batting: RHB Adam Martin
|
0-0: Ball 1-0: Called Strike 1-1: Ball 2-1: Called Strike 2-2: Ground out 4-3 (Groundball, 4S, EV 89.4 MPH)
|
|
Batting: RHB Walt Cogswell
|
0-0: Ball 1-0: Foul Ball, location: 2F 1-1: Foul Ball, location: 2F 1-2: Foul Ball, location: 2F 1-2: SINGLE (Groundball, 4D, EV 96.9 MPH)
|
|
Batting: LHB Manny Estrada
|
0-0: Fly out, F8 (Flyball, 89M, EV 90.0 MPH)
|
|
Batting: SHB Jose Pacheco
|
0-0: Ball 1-0: Ball 2-0: Fielders Choice at 2nd, 6-4 (Groundball, 6, EV 91.2 MPH)
|
| Top of the 3rd over - 0 runs, 1 hit, 0 errors, 1 left on base; Kansas City 0 - Minnesota 1 |
| BOTTOM OF THE 3RD |
|
Minnesota Twins batting - Pitching for Kansas City Royals : LHP John Hall
|
|
Batting: RHB John Creel
|
0-0: Called Strike 0-1: Foul Ball, location: 2F 0-2: Ball 1-2: Ball 2-2: Ball 3-2: Foul Ball, location: 2F 3-2: Ground out 5-3 (Groundball, 56, EV 83.8 MPH)
|
|
Batting: LHB Peer Derks
|
0-0: Fly out, F7 (Flyball, 7S, EV 85.6 MPH)
|
|
Batting: RHB Will Leslie
|
0-0: Ball 1-0: Called Strike 1-1: Ball 2-1: Fly out, F7 (Line Drive, 7, EV 93.8 MPH)
|
| Bottom of the 3rd over - 0 runs, 0 hits, 0 errors, 0 left on base; Kansas City 0 - Minnesota 1 |
| TOP OF THE 4TH |
|
Kansas City Royals batting - Pitching for Minnesota Twins : RHP Bud Puffer
|
|
Batting: RHB Matt Belgard
|
0-0: Ball 1-0: Ball 2-0: Ball 3-0: Called Strike 3-1: Ground out 6-3 (Groundball, 6M, EV 88.1 MPH)
|
|
Batting: LHB Mike Meyerhoff
|
0-0: Foul Ball, location: 2F 0-1: Ball 1-1: Foul Ball, location: 2F 1-2: Strikes out swinging
|
|
Batting: RHB Mike Jaquez
|
0-0: Ball 1-0: Swinging Strike 1-1: Foul Ball, location: 2F 1-2: Ball 2-2: Foul Ball, location: 2F 2-2: Ball 3-2: Strikes out swinging
|
| Top of the 4th over - 0 runs, 0 hits, 0 errors, 0 left on base; Kansas City 0 - Minnesota 1 |
| BOTTOM OF THE 4TH |
|
Minnesota Twins batting - Pitching for Kansas City Royals : LHP John Hall
|
|
Batting: RHB Greg Harman
|
0-0: Called Strike 0-1: Ball 1-1: TRIPLE (Flyball, 89XD, EV 93.8 MPH)
|
|
Batting: RHB Miguel Gonzalez
|
0-0: Ball 1-0: Called Strike 1-1: Ground out 4-3 (Groundball, 34, EV 109.4 MPH) Greg Harman scores
|
|
Batting: LHB Ryan Flynn Jr.
|
0-0: Called Strike 0-1: Called Strike 0-2: Foul Ball, location: 2F 0-2: Ball 1-2: Ball 2-2: Ball 3-2: Strikes out swinging
|
|
Batting: LHB Harris Vink
|
0-0: Ball 1-0: Ball 2-0: Swinging Strike 2-1: Called Strike 2-2: Fly out, F8 (Flyball, 8RXD, EV 96.2 MPH)
|
| Bottom of the 4th over - 1 run, 1 hit, 0 errors, 0 left on base; Kansas City 0 - Minnesota 2 |
| TOP OF THE 5TH |
|
Kansas City Royals batting - Pitching for Minnesota Twins : RHP Bud Puffer
|
|
Batting: LHB Roman Downey
|
0-0: Ball 1-0: SINGLE (Groundball, 34D, EV 101.2 MPH)
|
|
Batting: SHB Gil Switzer
|
0-0: Ball 1-0: Fly out, F8 (Flyball, 89D, EV 88.8 MPH)
|
|
Batting: RHB Adam Martin
|
0-0: Ball 1-0: DOUBLE (Line Drive, 9LD, EV 110.0 MPH) Roman Downey to third
|
|
Batting: RHB Walt Cogswell
|
Balk! Roman Downey scores Adam Martin to third 0-0: Ground out 4-3 (Groundball, 4, EV 90.0 MPH) Adam Martin scores
|
|
Batting: LHB Manny Estrada
|
0-0: Foul Ball, location: 2F 0-1: Ball 1-1: Ball 2-1: Ball 3-1: Base on Balls
|
|
Batting: SHB Jose Pacheco
|
0-0: Swinging Strike 0-1: Foul Ball, location: 2F 0-2: Foul Ball, location: 2F 0-2: Ball 1-2: Reached on error, E3 (Groundball, 3, EV 83.1 MPH) Manny Estrada to second
|
|
Batting: RHB Matt Belgard
|
0-0: Ball 1-0: Called Strike 1-1: Ball 2-1: Swinging Strike 2-2: Foul Ball, location: 2F 2-2: Foul Ball, location: 2F 2-2: Fielders Choice at 2nd, 6-4 (Groundball, 6, EV 80.6 MPH)
|
| Top of the 5th over - 2 runs, 2 hits, 1 error, 2 left on base; Kansas City 2 - Minnesota 2 |
| BOTTOM OF THE 5TH |
|
Minnesota Twins batting - Pitching for Kansas City Royals : LHP John Hall
|
|
Batting: RHB Alex Sandoval
|
0-0: Ground out 6-3 (Groundball, 6, EV 101.2 MPH)
|
|
Batting: LHB Ricardo Batista
|
0-0: SINGLE (Groundball, 4MD, EV 106.9 MPH)
|
|
Batting: RHB John Creel
|
0-0: Called Strike 0-1: Fly out, F7 (Flyball, 7, EV 77.5 MPH)
|
|
Batting: LHB Peer Derks
|
0-0: TRIPLE (Line Drive, 89XD, EV 105.6 MPH) Ricardo Batista scores
|
|
Batting: RHB Will Leslie
|
0-0: DOUBLE (Flyball, 78XD, EV 111.9 MPH) Peer Derks scores
|
|
Batting: RHB Greg Harman
|
0-0: Ball 1-0: Swinging Strike 1-1: Foul Ball, location: 2F 1-2: Foul Ball, location: 2F 1-2: Ball 2-2: Foul Ball, location: 2F 2-2: Ball 3-2: Base on Balls
|
|
Batting: RHB Miguel Gonzalez
|
0-0: Called Strike 0-1: Called Strike 0-2: Strikes out swinging
|
| Bottom of the 5th over - 2 runs, 3 hits, 0 errors, 2 left on base; Kansas City 2 - Minnesota 4 |
| TOP OF THE 6TH |
|
Kansas City Royals batting - Pitching for Minnesota Twins : RHP Bud Puffer
|
|
Batting: LHB Mike Meyerhoff
|
0-0: Foul Ball, location: 2F 0-1: Swinging Strike 0-2: Ball 1-2: Strikes out looking
|
|
Batting: RHB Mike Jaquez
|
0-0: Swinging Strike 0-1: Ball 1-1: Ground out 5-3 (Groundball, 56, EV 83.8 MPH)
|
|
Batting: LHB Roman Downey
|
0-0: Ball 1-0: Foul Ball, location: 2F 1-1: Ground out 1-3 (Groundball, 13S, EV 67.5 MPH)
|
| Top of the 6th over - 0 runs, 0 hits, 0 errors, 0 left on base; Kansas City 2 - Minnesota 4 |
| BOTTOM OF THE 6TH |
|
Minnesota Twins batting - Pitching for Kansas City Royals : LHP John Hall
|
|
Batting: LHB Ryan Flynn Jr.
|
0-0: Ball 1-0: Ball 2-0: Foul Ball, location: 2F 2-1: Foul Ball, location: 2F 2-2: Ball 3-2: SINGLE (Line Drive, 78S, EV 108.8 MPH)
|
|
Batting: LHB Harris Vink
|
0-0: Called Strike 0-1: Ball Ryan Flynn Jr. steals 2nd base (no throw) 1-1: SINGLE (Line Drive, 56D, EV 95.6 MPH) Ryan Flynn Jr. to third Runner from 3rd tries for Home, throw by LF and OUT! 7-2
|
|
Batting: RHB Alex Sandoval
|
0-0: Swinging Strike 0-1: Ball 1-1: Called Strike 1-2: Ball 2-2: Strikes out swinging
|
|
Batting: LHB Ricardo Batista
|
0-0: Ball 1-0: Ball 2-0: SINGLE (Line Drive, 3L, EV 95.6 MPH) Harris Vink to second Runner from 2nd tries for 3rd, OUT! 9-5
|
| Bottom of the 6th over - 0 runs, 3 hits, 0 errors, 1 left on base; Kansas City 2 - Minnesota 4 |
| TOP OF THE 7TH |
|
Kansas City Royals batting - Pitching for Minnesota Twins : RHP Bud Puffer
|
|
Batting: SHB Gil Switzer
|
0-0: Ball 1-0: Ball 2-0: Ball 3-0: Ground out U3 (Groundball, 3L, EV 96.9 MPH)
|
|
Batting: RHB Adam Martin
|
0-0: Fly out, F9 (Flyball, 9D, EV 97.5 MPH)
|
|
Batting: RHB Walt Cogswell
|
0-0: Ball 1-0: Ball 2-0: Called Strike 2-1: Ground out 4-3 (Groundball, 4S, EV 68.1 MPH)
|
| Top of the 7th over - 0 runs, 0 hits, 0 errors, 0 left on base; Kansas City 2 - Minnesota 4 |
| BOTTOM OF THE 7TH |
|
Minnesota Twins batting - Pitching for Kansas City Royals : LHP John Hall
|
|
Batting: RHB John Creel
|
0-0: Called Strike 0-1: Ball 1-1: Fly out, F3 (Popup, 3SF, EV 63.8 MPH)
|
|
Batting: LHB Peer Derks
|
0-0: Fly out, F5 (Popup, 25F, EV 81.2 MPH)
|
|
Batting: RHB Will Leslie
|
0-0: Ball 1-0: Ball 2-0: Foul Ball, location: 2F 2-1: Foul Ball, location: 2F 2-2: Ball 3-2: Base on Balls
|
|
Pitching: RHP Brandon Ferrari
|
|
|
Batting: RHB Greg Harman
|
0-0: Foul Ball, location: 2F 0-1: Ball 1-1: Ball 2-1: Foul Ball, location: 2F 2-2: Ball 3-2: Strikes out swinging
|
| Bottom of the 7th over - 0 runs, 0 hits, 0 errors, 1 left on base; Kansas City 2 - Minnesota 4 |
| TOP OF THE 8TH |
|
Kansas City Royals batting - Pitching for Minnesota Twins : RHP Bud Puffer
|
|
Pitching: LHP Inkei Wakamatsu
|
|
|
Batting: LHB Manny Estrada
|
0-0: Called Strike 0-1: Ball 1-1: Ball 2-1: Foul Ball, location: 2F 2-2: Reached on error, E2 (Groundball, 2L, EV 71.2 MPH)
|
|
Batting: SHB Jose Pacheco
|
0-0: Fly out, F9 (Flyball, 9S, EV 91.2 MPH)
|
|
Batting: RHB Matt Belgard
|
0-0: Called Strike 0-1: Ball 1-1: Ball 2-1: Foul Ball, location: 2F 2-2: Foul Ball, location: 2F 2-2: Foul Ball, location: 2F 2-2: Ball 3-2: Fly out, F8 (Flyball, 8RXD, EV 91.9 MPH)
|
|
Batting: LHB Mike Meyerhoff
|
0-0: Called Strike 0-1: Called Strike 0-2: Ball 1-2: Foul Ball, location: 2F 1-2: Ball 2-2: Ball 3-2: Foul Ball, location: 2F 3-2: Ground out 5-3 (Groundball, 5, EV 88.8 MPH)
|
| Top of the 8th over - 0 runs, 0 hits, 1 error, 1 left on base; Kansas City 2 - Minnesota 4 |
| BOTTOM OF THE 8TH |
|
Minnesota Twins batting - Pitching for Kansas City Royals : RHP Brandon Ferrari
|
|
Batting: RHB Miguel Gonzalez
|
0-0: Ball 1-0: Ball 2-0: Called Strike 2-1: Fly out, F8 (Flyball, 8LXD, EV 106.9 MPH)
|
|
Batting: LHB Ryan Flynn Jr.
|
0-0: Foul Ball, location: 2F 0-1: Ground out 4-3 (Groundball, 4, EV 82.5 MPH)
|
|
Batting: LHB Harris Vink
|
0-0: Ball 1-0: Foul Ball, location: 2F 1-1: Ball 2-1: Ball 3-1: DOUBLE (Line Drive, 9LM, EV 105.6 MPH)
|
|
Batting: RHB Alex Sandoval
|
0-0: Foul Ball, location: 2F 0-1: Ball 1-1: Called Strike 1-2: Ball 2-2: Strikes out swinging
|
| Bottom of the 8th over - 0 runs, 1 hit, 0 errors, 1 left on base; Kansas City 2 - Minnesota 4 |
| TOP OF THE 9TH |
|
Kansas City Royals batting - Pitching for Minnesota Twins : LHP Inkei Wakamatsu
|
|
Pitching: RHP Andrew Kindig
|
|
|
Batting: RHB Mike Jaquez
|
0-0: Swinging Strike 0-1: Swinging Strike 0-2: Ball 1-2: Fly out, F7 (Flyball, 7LSF, EV 98.8 MPH)
|
|
Batting: LHB Roman Downey
|
0-0: Swinging Strike 0-1: Ball 1-1: Ball 2-1: Foul Ball, location: 2F 2-2: Ball 3-2: Base on Balls
|
|
Batting: SHB Gil Switzer
|
0-0: Foul Ball, location: 2F 0-1: Ball 1-1: Called Strike 1-2: Foul Ball, location: 2F 1-2: Ball 2-2: Foul Ball, location: 2F 2-2: Strikes out swinging
|
|
Batting: RHB Adam Martin
|
0-0: Ball 1-0: Ball 2-0: Foul Ball, location: 2F 2-1: Foul Ball, location: 2F 2-2: Ball 3-2: Strikes out swinging
|
| Top of the 9th over - 0 runs, 0 hits, 0 errors, 1 left on base; Kansas City 2 - Minnesota 4 |
|